 Dungeon Crawl Stone Soup version 0.24.0-123-gd5b16e6ec5 (webtiles) character file.

Game seed: 4573708223439312634, levelgen mode: deterministic

34108 hazymike the Grappler (level 13, -6/124 HPs)
             Began as a Troll Wizard on Feb 8, 2020.
             Was the Champion of Elyvilon.
             Mangled by a dire elephant (25 damage)
             ... on level 4 of the Lair of Beasts.
             The game lasted 02:01:04 (17025 turns).

hazymike the Grappler (Troll Wizard)               Turns: 17025, Time: 02:01:05

Health: -6/124     AC: 10    Str: 18    XL:     13   Next: 40%
Magic:  0/18       EV: 12    Int: 18    God:    Elyvilon [******]
Gold:   1052       SH:  0    Dex:  8    Spells: 12/20 levels left

rFire    . . .     SeeInvis .     - Unarmed
rCold    . . .     Gourm    +   (no shield)
rNeg     . . .     Faith    .   u - +0 troll leather armour {Purgy}
rPois    +         Spirit   +   r - +1 hat
rElec    .         Reflect  .   F - +0 cloak
rCorr    .         Harm     .   (gloves unavailable)
MR       +....                  (boots unavailable)
Stlth    +.........             J - amulet of guardian spirit
HPRegen  1.10/turn              g - ring of poison resistance
MPRegen  0.16/turn              f - ring of protection from magic

@: studying Staves
A: large, unfitting armour, claws 3, fast metabolism 3, gourmand, regeneration
1, shaggy fur 1, tough skin 3
a: Lesser Healing, Heal Other, Purification, Greater Healing, Divine Vigour,
Divine Protection, Renounce Religion


You were on level 4 of the Lair of Beasts.
You worshipped Elyvilon.
Elyvilon was exalted by your worship.
You were completely stuffed.

You visited 2 branches of the dungeon, and saw 17 of its levels.
You also visited: Ice Cave.

You collected 1052 gold pieces.

Inventory:

Hand Weapons
 b - a +2 hunting sling of freezing
Missiles
 j - 492 stones
 s - 2 curare-tipped darts
 E - 25 sling bullets
 G - 3 boomerangs
 M - 3 large rocks
 N - a throwing net
 U - 17 poisoned darts (quivered)
Armour
 d - a +1 large shield of fire resistance
 r - a +1 hat (worn)
 u - a +0 troll leather armour (worn) {Purgy}
 F - a +0 cloak (worn)
Jewellery
 f - a ring of protection from magic (right claw)
 g - a ring of poison resistance (left claw)
 n - an uncursed ring of magical power
 J - an amulet of guardian spirit (around neck)
 K - an uncursed ring of wizardry
 V - an uncursed ring of protection from cold {unknown}
Wands
 t - a wand of polymorph (11)
 w - a wand of iceblast (10)
 y - a wand of flame (11)
 D - a wand of digging (5)
Scrolls
 c - 13 scrolls of remove curse
 k - 5 scrolls of identify
 x - 5 scrolls of teleportation
 A - 3 scrolls of fear
 C - a scroll of torment {unknown}
 I - a scroll of noise {unknown}
 L - a scroll of blinking {unknown}
 Q - 2 scrolls of enchant armour
 R - a scroll of brand weapon {unknown}
 T - a scroll of amnesia
Potions
 e - 5 potions of heal wounds
 h - a potion of agility
 l - 3 potions of flight
 m - a potion of might
 o - a potion of brilliance
 p - 11 potions of curing
 q - 2 potions of invisibility
 v - a potion of berserk rage
 B - a potion of resistance
 H - a potion of magic {unknown}
 O - a potion of cancellation
 P - a potion of ambrosia
 S - a potion of lignification
Books
 i - a manual of Staves
Comestibles
 a - 44 rations
 z - 8 chunks of flesh


   Skills:
 + Level 7.1 Fighting
 + Level 7.3 Dodging
 - Level 1.0 Stealth
 + Level 6.7 Shields
 * Level 11.8 Unarmed Combat
 - Level 4.0 Spellcasting
 - Level 5.0 Conjurations
 + Level 1.7 Hexes
   Level 0.6 Summonings
 - Level 3.0 Translocations
 - Level 2.0 Transmutations
 - Level 3.0 Fire Magic
 + Level 7.6 Invocations


You had 12 spell levels left.
You knew the following spells:

 Your Spells              Type           Power        Failure   Level  Hunger
a - Confusing Touch       Hex            #.....       9%          1    None
b - Blink                 Tloc           N/A          8%          2    ##.....
c - Conjure Flame         Conj/Fire      ###.....     10%         3    ###....
d - Sticks to Snakes      Tmut           ##......     12%         2    ##.....

Your spell library contained the following spells:

 Spells                   Type           Power        Failure   Level  Hunger
 Magic Dart               Conj           ###.         2%          1    None
 Searing Ray              Conj           ###...       3%          2    ##.....
 Beastly Appendage        Tmut           ##....       8%          1    None
 Slow                     Hex            #.......     13%         2    ##.....
 Dazzling Spray           Conj/Hex       ###...       13%         3    ###....
 Gell's Gravitas          Tloc           ##........   16%         3    ###....
 Call Imp                 Summ           #.......     21%         2    ##.....
 Iskenderun's Mystic Bla  Conj           ###.....     22%         4    ####...
 Confuse                  Hex            #.......     26%         3    ###....
 Mephitic Cloud           Conj/Pois/Air  #.......     26%         3    ###....
 Force Lance              Conj/Tloc      ###.....     32%         4    ####...
 Spider Form              Tmut/Pois      #.........   34%         3    ###....
 Fulminant Prism          Conj/Hex       ###.......   41%         4    ####...
 Ice Form                 Ice/Tmut       #.......     75%         4    ####...
 Petrify                  Tmut/Erth      #.......     75%         4    ####...
 Blade Hands              Tmut           ##........   91%         5    ######.
 Yara's Violent Unravell  Hex/Tmut       ##........   92%         5    ######.
 Metabolic Englaciation   Hex/Ice        #.........   98%         5    ######.
 Bolt of Cold             Conj/Ice       ##........   100%        6    #######
 Freezing Cloud           Conj/Ice/Air   #.........   100%        6    #######
 Ozocubu's Refrigeration  Ice            #.........   100%        6    #######
 Simulacrum               Ice/Necr       #.........   100%        6    #######


Dungeon Overview and Level Annotations

Branches:
Dungeon (11/15)              Lair (6/6) D:10         Shoals (0/4) Lair:4
  Snake (0/4) Lair:4          Orc (0/2) D:11          IceCv (visited)
 Temple: D:4-7        Slime: Lair:5-6

Altars:
Ashenzari
Elyvilon
Makhleb

Annotations:
Lair:2 2 runed translucent doors, Ciovowug's ghost, journeyman DrTm
Lair:4 2 runed translucent doors, exclusion: electric eel, Kuerar's ghost, journeyman BaFi


Innate Abilities, Weirdness & Mutations

You are too large for most types of armour.
You have claws for hands.
Your metabolism is lightning-fast.
You like to eat raw meat.
Your natural rate of healing is unusually fast.
You are covered in fur. (AC +1)
You have extremely tough skin. (AC +3)


Message History

The dire elephant appears confused.
The dire elephant is lightly wounded.
The dire elephant tramples you!!
* * * LOW HITPOINT WARNING * * *
You stumble backwards!
You scratch the dire elephant but do no damage.
The dire elephant is lightly wounded.
You scratch the dire elephant.
The dire elephant is lightly wounded.
The dire elephant seems less confused.
The dire elephant tramples you but does no damage.
The dire elephant trunk-slaps you.
* * * LOW HITPOINT WARNING * * *
The dire elephant looks more healthy.
The dire elephant tramples you!!
* * * LOW HITPOINT WARNING * * *
You stumble backwards!
You mangle the plant!!
You destroy the plant!
The dire elephant tramples you!!
You die...

≈≈≈≈≈♣≈≈PP♣ #.P≈♣≈≈≈≈.##
≈≈≈♣P≈P≈♣## #..≈≈≈≈...#
≈≈≈≈≈♣≈≈≈# #...♣≈♣..P#
P≈♣♣♣≈≈≈## #....P.PP.#
♣≈♣♣≈♣#≈# ##........##
P#### ### #......P.##
≈≈## #.......## ##.###
#.Y.....##
...#.##########.@......#
......................##
......................#
..............(.......#
..............(.......#
......................#
..........(...........#
♣♣♣........PP.##......#
♣♣♣.......P###......##


You could see a dire elephant.

Vanquished Creatures
  2 two-headed ogres
  An unseen horror (D:11)
  A cyclops (D:11)
  2 merfolk sirens (Lair:4)
  21 elephants
  2 black mambas
  2 komodo dragons (Lair:2)
  A kobold demonologist (D:11)
  14 spiny frogs
  2 ice devils (Lair:1)
  A queen bee (D:9)
  A troll (D:9)
  3 hornets
  2 merfolk (Lair:4)
  7 blink frogs
  5 hippogriffs
  Eustachio (D:4)
  A spriggan (Lair:4)
  30 yaks
  5 basilisks
  A wyvern (D:10)
  6 water moccasins
  4 orc warriors
  6 porcupines
  An ice beast (D:7)
  Purgy (D:3)
  5 sky beasts
  5 black bears
  4 phantoms
  4 centaurs
  7 ogres
  11 crocodiles
  4 big kobolds
  11 bullfrogs
  4 scorpions
  A wyvern skeleton (D:9)
  5 howler monkeys
  26 killer bees
  An electric eel (Lair:4)
  A bullfrog zombie (D:3)
  A centaur zombie (D:8)
  4 crimson imps
  3 bullfrog skeletons
  A jelly (D:7)
  3 orc priests
  A quasit (D:6)
  2 centaur skeletons
  5 hounds
  An iguana (D:7)
  Jessica (D:3)
  5 orc wizards
  11 worker ants
  A hound skeleton (D:4)
  11 gnolls
  A howler monkey skeleton (D:10)
  3 river rats (D:3)
  7 adders
  A shadow imp (D:8)
  2 oozes
  2 adder skeletons
  An adder zombie (D:8)
  4 worms
  2 dart slugs (D:1)
  4 leopard geckos
  35 orcs
  A ball python (D:3)
  4 giant cockroaches
  7 goblins
  7 hobgoblins
  21 jackals
  23 kobolds
  3 quokkas
  9 bats
  5 frilled lizards
  A giant cockroach zombie (D:5)
  2 leopard gecko skeletons
  3 quokka skeletons
  A quokka zombie (D:7)
  9 rats
  A plant (Lair:4)
421 creatures vanquished.

Vanquished Creatures (others)
  85 fungi
  42 plants
127 creatures vanquished.

Grand Total: 548 creatures vanquished

Notes
Turn   | Place    | Note
-------+----------+-------------------------------------------
     0 | D:1      | hazymike the Troll Wizard began the quest for the Orb.
     0 | D:1      | Reached XP level 1. HP: 16/16 MP: 2/2
   161 | D:1      | Reached XP level 2. HP: 24/24 MP: 2/4
   197 | D:1      | Learned a level 2 spell: Blink
   203 | D:1      | Reached skill level 1 in Unarmed Combat
   463 | D:1      | Reached skill level 1 in Conjurations
   560 | D:1      | Reached XP level 3. HP: 28/32 MP: 5/5
  1275 | D:2      | Reached skill level 1 in Translocations
  1316 | D:2      | Found a faded altar of an unknown god.
  1323 | D:2      | Became a worshipper of Elyvilon the Healer
  1323 | D:2      | Reached * piety under Elyvilon
  1362 | D:2      | Found a burning altar of Makhleb.
  1368 | D:2      | Reached skill level 1 in Fighting
  1368 | D:2      | Reached skill level 2 in Unarmed Combat
  1368 | D:2      | Reached XP level 4. HP: 28/41 MP: 6/6
  1672 | D:3      | HP: 2/41 [worm (9)]
  2056 | D:3      | Reached XP level 5. HP: 34/48 MP: 7/7
  2341 | D:3      | Noticed Jessica
  2350 | D:3      | Killed Jessica
  2350 | D:3      | Reached skill level 1 in Invocations
  2428 | D:3      | Noticed Purgy
  2443 | D:3      | Killed Purgy
  2443 | D:3      | Reached skill level 3 in Unarmed Combat
  2443 | D:3      | Reached XP level 6. HP: 38/55 MP: 8/8
  2903 | D:4      | Reached ** piety under Elyvilon
  3156 | D:4      | Noticed Eustachio
  3220 | D:4      | Killed Eustachio
  3220 | D:4      | Reached XP level 7. HP: 51/63 MP: 9/9
  3231 | D:4      | Learned a level 3 spell: Conjure Flame
  3592 | D:4      | Reached skill level 1 in Shields
  3797 | D:5      | Entered Level 5 of the Dungeon
  4001 | D:5      | Reached *** piety under Elyvilon
  4207 | D:5      | Reached skill level 4 in Unarmed Combat
  4525 | D:6      | Reached XP level 8. HP: 74/74 MP: 11/11
  4643 | D:6      | Reached skill level 1 in Fire Magic
  4979 | D:6      | Reached **** piety under Elyvilon
  5532 | D:7      | Found a white marble altar of Elyvilon.
  5542 | D:7      | Reached skill level 5 in Unarmed Combat
  5779 | D:7      | Reached XP level 9. HP: 52/81 MP: 12/12
  5865 | D:7      | Reached skill level 6 in Unarmed Combat
  6973 | D:8      | Reached XP level 10. HP: 92/92 MP: 14/14
  7118 | D:8      | Reached ***** piety under Elyvilon
  7255 | D:8      | Reached skill level 7 in Unarmed Combat
  7693 | D:9      | Noticed a two-headed ogre
  7724 | D:8      | Killed a two-headed ogre
  8159 | D:8      | Reached skill level 8 in Unarmed Combat
  8253 | D:9      | Reached skill level 5 in Invocations
  8330 | D:8      | Reached skill level 5 in Dodging
  8843 | D:9      | Reached XP level 11. HP: 101/101 MP: 16/16
  8854 | D:9      | Found a shattered altar of Ashenzari.
  9289 | D:9      | Learned a level 2 spell: Sticks to Snakes
  9458 | D:9      | Reached skill level 5 in Fighting
  9570 | D:10     | Entered Level 10 of the Dungeon
  9768 | D:10     | Reached skill level 1 in Transmutations
  9775 | D:10     | Reached skill level 9 in Unarmed Combat
 10299 | D:10     | Paralysed by a hornet for 1 turns
 10539 | D:10     | Found a staircase to the Lair.
 10878 | D:11     | Killed an unseen horror
 10878 | D:11     | Reached skill level 5 in Shields
 11346 | D:11     | Noticed a two-headed ogre
 11367 | D:11     | Killed a two-headed ogre
 11465 | D:11     | Found a staircase to the Orcish Mines.
 11846 | Lair:1   | Entered Level 1 of the Lair of Beasts
 11870 | Lair:1   | Noticed a five-headed hydra
 11878 | Lair:1   | Pacified a five-headed hydra
 11961 | Lair:1   | Reached XP level 12. HP: 111/111 MP: 17/17
 12083 | Lair:1   | Found a frozen archway.
 12149 | IceCv    | Entered an ice cave
 12772 | Lair:1   | Reached skill level 10 in Unarmed Combat
 13183 | Lair:2   | Reached skill level 5 in Conjurations
 13208 | Lair:2   | Noticed a five-headed hydra
 13215 | Lair:2   | Pacified a five-headed hydra
 13887 | Lair:2   | Found a large runed translucent door.
 13888 | Lair:2   | Found a large runed translucent door.
 13889 | Lair:2   | Noticed Ciovowug's ghost (journeyman DrTm)
 14551 | Lair:3   | Reached skill level 11 in Unarmed Combat
 15136 | Lair:4   | Learned a level 1 spell: Confusing Touch
 15427 | Lair:4   | You fall into a shaft and drop 2 floors!
 15427 | Lair:6   | Entered Level 6 of the Lair of Beasts
 15497 | Lair:5   | Noticed a death yak
 15498 | Lair:5   | Noticed a death yak
 15499 | Lair:5   | Noticed a death yak
 15499 | Lair:5   | Noticed a death yak
 15500 | Lair:5   | Noticed a death yak
 15502 | Lair:5   | Noticed a death yak
 15503 | Lair:4   | Reached ****** piety under Elyvilon
 15572 | Lair:4   | Found a staircase to the Shoals.
 15589 | Lair:4   | Reached XP level 13. HP: 67/123 MP: 9/18
 15909 | Lair:4   | Reached skill level 1 in Hexes
 16189 | Lair:4   | Found a staircase to the Snake Pit.
 16503 | Lair:4   | Noticed a dire elephant
 16707 | Lair:4   | Found a large runed translucent door.
 16707 | Lair:4   | Found a large runed translucent door.
 16709 | Lair:4   | Noticed Kuerar's ghost (journeyman BaFi)
 17025 | Lair:4   | Mangled by a dire elephant

Levels and vault maps discovered:
D:1:      minmay_arrival_stair_chambers, layout_basic
D:2:      layout_loops_cross, first_ration, chequers_ecumenical_altar_simple,
          makhleb_blood_cavern_becter
D:3:      layout_rooms, portal_sewer_entry_e, serial_corexii_hall,
          chequers_hall_statues_y, corexii_hall_statues_deadend, uniq_jessica,
          uniq_purgy
D:4:      layout_basic, uniq_eustachio
D:5:      layout_loops_ring, minmay_manual_moon
D:6:      layout_loops_ring, minmay_temple_entry_from_below_a
D:7:      layout_loops_ring, elyvilon_altar_5
D:8:      layout_cave_pods
D:9:      layout_gridville, ashenzari_conservatory_becter, special_room
          [special_room_bee]
D:10:     layout_rooms, lair_entry_dummy, hangedman_pestilent_swarm
D:11:     layout_irregular_city, orc_0_dummy
Lair:1:   layout_chaotic_city, portal_ice_cave_demonic_guard
Lair:2:   layout_loops_ring, ebering_ghost_disaster_area, serial_bayou_shore_b,
          lemuel_fruit_fields, lemuel_fruit_fields
Lair:3:   layout_chaotic_city
Lair:4:   mu_elephants_graveyard, layout_big_grid, elwin_shoals_entry_stream,
          ebering_ghost_disaster_area, serial_bayou, serial_bayou_crossing,
          serial_bayou_pond_a, serial_bayou_lake_a, kennysheep_basilisk_garden
Lair:5:   minmay_lair_venomous_thicket, layout_cave_pods, st_stairs_6
Lair:6:   due_jungle_book, layout_gridlike, nicolae_slime_entry_slimehenge,
          basic_altar, nicolae_quartered_pool_medium

Skill      XL: |  1  2  3  4  5  6  7  8  9 10 11 12 13 |
---------------+----------------------------------------+-----
Unarmed Combat | 1 2 3 4 5 6 8 9 11 | 11.8
Conjurations   | 1 2 3 4 5 |  5.0
Translocations | 1 2 3 |  3.0
Fighting       | 1 2 3 4 5 6 7 |  7.1
Dodging        | 2 3 4 5 6 7 |  7.3
Invocations    | 1 2 3 4 5 6 7 |  7.6
Shields        | 1 2 3 4 5 6 |  6.7
Fire Magic     | 1 2 3 |  3.0
Spellcasting   | 3 4 |  4.0
Transmutations | 2 |  2.0
Hexes          | 1 |  1.7
Stealth        | |  1.0
Summonings     | |  0.6

Action                   |  1- 3 |  4- 6 |  7- 9 | 10-12 | 13-15 || total
-------------------------+-------+-------+-------+-------+-------++-------
Melee: Unarmed           |   103 |   253 |   346 |   899 |   226 ||  1827
       Punch             |       |     3 |     4 |    24 |    16 ||    47
 Fire: Hunting sling     |       |    23 |   132 |   229 |    10 ||   394
Throw: Dart              |     1 |     1 |    11 |    70 |    36 ||   119
       Stone             |       |       |       |     4 |       ||     4
 Cast: Magic Dart        |     6 |       |       |       |       ||     6
       Conjure Flame     |       |       |       |     3 |       ||     3
       Confusing Touch   |       |       |       |     5 |    18 ||    23
Invok: Greater Healing   |       |       |     1 |     2 |     1 ||     4
       Heal Other        |       |       |       |     6 |       ||     6
       Purification      |       |       |       |     2 |       ||     2
Evoke: Wand              |       |       |     1 |       |       ||     1
  Use: Scroll            |       |     8 |     8 |    11 |       ||    27
       Potion            |       |       |     2 |       |       ||     2
 Stab: Sleeping          |     2 |       |       |       |       ||     2
       Confused          |       |       |       |     1 |    11 ||    12
  Eat: Chunk             |    18 |    17 |    35 |    83 |    14 ||   167
Armor: Robe              |    37 |    68 |       |       |       ||   105
       Troll leather arm |       |    48 |   111 |   335 |    60 ||   554
Dodge: Dodged            |    38 |   133 |   133 |   472 |    87 ||   863
